Map: Site Delta LE

Players

SubN - Winner!

  • Race: Zerg Zerg
  • League: Diamond
  • Spawn Location: 11:00

pjkon

  • Race: Zerg Zerg
  • League: Diamond
  • Spawn Location: 5:00

VOD

Have the link to the VOD?

Description

Time

  • Played on: Dec. 21, 2023, 6:39 p.m.
  • Length: 4:29
Show
View Real Time Build Order
Export as new Build Order

SubN Zerg - Winner!

Build Orders: Hatch First 

Get SALT Encoding   

  12  0:00  Drone  
  13  0:13  Overlord  
  13  0:17  Drone  
  14  0:31  Drone x2  
  16  0:50  Hatchery  
  16  0:54  Drone  
  16  0:56  Drone  
  17  0:59  Drone  
  18  1:07  Extractor  
  17  1:16  Spawning Pool  
  16  1:19  Drone  
  16  1:23  Drone  
  18  1:32  Drone  
  19  1:39  Drone  
  20  1:50  Overlord  
  20  2:03  Queen x2  
  20  2:06  Drone x2  
  26  2:14  Metabolic Boost  
  26  2:19  Drone  
  26  2:20  Drone  
  28  2:30  Drone x2  
  30  2:38  Zergling x4  
  30  2:44  Zergling x2  
  33  2:49  Zergling x2  
  34  2:55  Zergling x2  
  35  3:01  Zergling x2  
  36  3:07  Overlord  
  36  3:21  Overlord x2  
  36  3:28  Zergling x12  
  42  3:36  Zergling x2  
  43  3:44  Zergling x2  
  43  3:47  Zergling x2  
  45  3:58  Drone x7  
  52  4:08  Drone x2  
Show
View Real Time Build Order
Export as new Build Order

pjkon Zerg 

Build Orders: Pool First 

Get SALT Encoding   

  12  0:00  Drone  
  13  0:13  Overlord  
  13  0:17  Drone  
  14  0:33  Spawning Pool  
  13  0:38  Drone  
  13  0:41  Drone  
  15  0:48  Drone  
  15  0:49  Extractor  
  15  1:02  Drone  
  16  1:20  Roach Warren  
  15  1:30  Hatchery  
  14  1:40  Drone  
  14  1:42  Drone  
  14  1:43  Drone  
  17  1:59  Queen  
  19  2:02  Roach  
  21  2:14  Overlord  
  21  2:40  Roach x2  
  21  2:41  Roach  
  27  2:49  Roach  
  29  2:56  Queen  
  31  3:18  Overlord x3  
  29  3:48  Drone  
  29  3:49  Drone x5  
  29  3:54  Extractor  
  34  4:10  Drone x3  
Tags
 
Add a new tag
Caveats
  • Supply blocks, unpowered buildings, or Contaminate may cause inaccurate times.
  • Supply counts are checked every 10 seconds.